 Dungeon Crawl Stone Soup version 0.29-a0-22-gbf593b16ee (webtiles) character file.

Game seed: 16088200005428783677

113 oldriver the Chiller (level 4, 0/27 HPs)
             Began as an Octopode Ice Elementalist on Jan 29, 2022.
             Was an Initiate of Gozag.
             Slain by a kobold (5 damage)
             ... in a sewer.
             The game lasted 00:05:33 (2764 turns).

oldriver the Chiller (Octopode Ice Elementalist)    Turns: 2764, Time: 00:05:34

Health: 0/27       AC:  1    Str:  7    XL:     4   Next: 96%
Magic:  6/8        EV: 13    Int: 19    God:    Gozag
Gold:   79         SH:  0    Dex: 12    Spells: 2/9 levels left

rFire   . . .      SeeInvis .   b - +0 dagger
rCold   . . .      Faith    .   (no shield)
rNeg    . . .      Spirit   .   (helmet restricted)
rPois   .          Reflect  .   (no amulet)
rElec   .          Harm     .   (no ring)
rCorr   .          Rampage  .   (no ring)
Will    .....                   (no ring)
Stlth   ++++......              (no ring)
HPRegen 0.09/turn               (no ring)
MPRegen 0.11/turn               (no ring)
                                (no ring)
                                (no ring)

@: mighty, lethally poisoned (0 -> -5), gold aura
A: almost no armour, amphibious, 8 rings, camouflage 1, gelatinous body 1,
(nimble swimmer 1), tentacles
a: Renounce Religion, Potion Petition, Call Merchant, Bribe Branch


You were in a sewer.
You worshipped Gozag.
Gozag was noncommittal.
You visited 1 branch of the dungeon, and saw 3 of its levels.
You also visited: Sewer.

You collected 96 gold pieces.
You paid 17 gold pieces to Gozag.

Inventory:

Hand Weapons
 b - a +0 dagger (weapon)
Missiles
 c - 6 poisoned darts
 l - 35 stones
Wands
 e - a wand of iceblast (3)
Scrolls
 a - a scroll of teleportation
Potions
 d - a potion of heal wounds {unknown}
 f - 2 potions of magic
 g - a potion of might


   Skills:
 - Level 2.0 Dodging
 + Level 4.6 Stealth
 + Level 3.1 Spellcasting
 + Level 4.7 Ice Magic


You had 2 spell levels left.
You knew the following spells:

 Your Spells              Type           Power      Damage    Failure   Level
a - Freeze                Ice            84%        1d10      2%          1
b - Frozen Ramparts       Ice            42%        1d6       6%          3
c - Ozocubu's Armour      Ice            21%        N/A       6%          3

Your spell library contained the following spells:

 Spells                   Type           Power      Damage    Failure   Level
 Apportation              Tloc           4%         N/A       16%         1
 Hailstorm                Conj/Ice       12%        3d5       50%         4
 Alistair's Intoxication  Tmut/Pois      1%         N/A       99%         5


Dungeon Overview and Level Annotations

Branches:
Dungeon (3/15)              Sewer (1/1)

Altars:
Dithmenos
Gozag
Sif Muna
Xom


Innate Abilities, Weirdness & Mutations

You cannot wear most types of armour.
You are amphibious.
You can wear up to eight rings at the same time.
Your skin changes colour to match your surroundings (Stealth+).
Your rubbery body absorbs attacks. (AC +1, EV +1)
((You are camouflaged when in or above water. (Stealth+)))
You have tentacles for arms and can constrict up to eight enemies at once.


Message History

There is an open door here.
You now have 67 gold pieces (gained 5).
You now have 73 gold pieces (gained 6).
There is a glowing drain here.
The world spins around you as you enter the gateway.
You enter a sewer!
Found a gate leading back out of this place.
There is an empty arch of ancient stone here.
The rat bites you.
You freeze the rat.
You kill the rat!
You can't see any susceptible monsters within range! (Use Z to cast anyway.)
You now have 79 gold pieces (gained 6).
A kobold comes into view. It is wielding a +0 dagger.
A kobold is nearby!
A kobold comes into view.
It is wielding a +0 whip and quivering poisoned darts.
The kobold shouts! x2
The kobold throws a poisoned dart.
The poisoned dart hits you!
You are poisoned.
You feel sick.
The kobold throws a poisoned dart.
The poisoned dart hits you!
You are more poisoned.
You feel very sick.
You freeze the kobold!
You kill the kobold!
You hear a splash.
You feel very sick.
You feel very sick.
Things that are here:
8 gold pieces; a +0 dagger You feel sick.
The kobold barely misses you.
You are too injured to fight recklessly!
You feel sick. The kobold hits you with a +0 whip.
* * * LOW HITPOINT WARNING * * *
You are too injured to fight recklessly!
It was a potion of might.
You feel very mighty all of a sudden.
* * * LOW HITPOINT WARNING * * *
You feel sick. The kobold hits you with a +0 whip.
You die...
Your body crumbles into a pile of gold.

#.....≈≈≈≈.≈∩.≈≈≈≈≈
#≈≈≈..####...≈.####
##.≈≈## ##≈≈≈##
##≈## ##≈## #≈# ≈#
#≈# ≈# #≈# ≈# ##$##
#@≈≈# #..K..#
#...≈.≈≈≈≈
#....≈#### ##..≈##
#####


You could see a kobold.

Vanquished Creatures
  Ijyb (D:3)
  2 adders
  5 dart slugs
  6 ball pythons
  3 endoplasms
  6 giant cockroaches
  9 goblins
  4 hobgoblins (D:3)
  A jackal (D:2)
  5 quokkas
  3 bats
  2 frilled lizards
  A kobold (Sewer)
  6 rats
54 creatures vanquished.

Notes
Turn   | Place    | Note
-------+----------+-------------------------------------------
     0 | D:1      | oldriver the Octopode Ice Elementalist began the quest for
                  | the Orb.
     0 | D:1      | Reached XP level 1. HP: 11/11 MP: 3/3
   377 | D:1      | Reached XP level 2. HP: 17/17 MP: 5/5
   803 | D:1      | Reached XP level 3. HP: 18/21 MP: 6/6
   866 | D:1      | Learned a level 3 spell: Frozen Ramparts
  1120 | D:1      | Found a faded altar of an unknown god.
  1839 | D:2      | Identified the +6 trident of a Gauntlet {venom, Dex+4}
  1840 | D:2      | Reached XP level 4. HP: 8/27 MP: 6/8
  2351 | D:3      | Learned a level 3 spell: Ozocubu's Armour
  2466 | D:3      | Noticed Ijyb
  2511 | D:3      | Found a shimmering altar of Xom.
  2512 | D:3      | Found a shadowy altar of Dithmenos.
  2512 | D:3      | Found a shimmering blue altar of Sif Muna.
  2514 | D:3      | Found an opulent altar of Gozag.
  2528 | D:3      | Became a worshipper of Gozag Ym Sagoz the Greedy
  2581 | D:3      | Killed Ijyb
  2694 | D:3      | Found a glowing drain.
  2743 | Sewer    | Entered a sewer
  2764 | Sewer    | Slain by a kobold

Illustrated notes

Levels and vault maps discovered:
D:1:      dpeg_arrival_court, layout_rooms, hellmonk_ecumenical_altar_run_dry
D:2:      layout_basic, minmay_increasing_density
D:3:      layout_basic, grunt_temple_overflow_open, gup_sewer_entry_glass,
          uniq_natasha, uniq_robin, uniq_ijyb, uniq_jessica
Sewer:    sewer_co_15_rooms

Skill      XL: |  1  2  3  4 |
---------------+-------------+-----
Stealth        | 3 4 |  4.6
Spellcasting   | 3 |  3.1
Dodging        | |  2.0
Ice Magic      | |  4.7

Action                   |  1- 3 |  4- 6 || total
-------------------------+-------+-------++-------
Melee: Unarmed           |     4 |       ||     4
       Dagger            |    26 |     4 ||    30
       Constrict         |    11 |     2 ||    13
       Tentacles         |     5 |     2 ||     7
 Cast: Freeze            |    40 |    17 ||    57
       Frozen Ramparts   |       |     2 ||     2
  Use: Scroll            |       |     7 ||     7
       Potion            |       |     1 ||     1
 Stab: Sleeping          |     4 |       ||     4
Armor: Skin              |     5 |     2 ||     7
Dodge: Dodged            |    23 |     4 ||    27

Table legend: (Time is in decaauts)
 A = Elapsed time spent in this place.
 B = Non-inter-level travel time spent in this place.
 C = Inter-level travel time spent in this place.
 D = Time resting spent in this place.
 E = Time spent auto-exploring this place.
 F = Levels seen in this place.
 G = Mean time per level.
                   A        B        C        D        E       F      G
               +--------+--------+--------+--------+--------+-----+--------+
         Total |   2763 |   2691 |     72 |    309 |   1734 |   4 |  690.8 |
       Dungeon |   2743 |   2671 |     72 |    309 |   1734 |   3 |  914.3 |
         Sewer |     20 |     20 |      0 |      0 |      0 |   1 |   20.0 |
               +--------+--------+--------+--------+--------+-----+--------+

Top non-repeatable levels by time:
     D:1: 1382 daAuts
     D:2: 924 daAuts
     D:3: 436 daAuts
   Sewer: 20 daAuts
